 Dungeon Crawl Stone Soup version 0.30-a0-878-gc727b3d3d6 (webtiles) character file.

Game seed: 9716989493937276820

6318 pecorinoman the Grappler (level 10, 0/106 HPs)
             Began as an Ogre Transmuter on Mar 12, 2023.
             Was a Follower of Wu Jian.
             Slain by a basilisk (6 damage)
             ... while petrified by a basilisk
             ... on level 8 of the Dungeon.
             The game lasted 00:37:17 (8298 turns).

pecorinoman the Grappler (Ogre Transmuter)          Turns: 8298, Time: 00:37:17

Health: 0/106      AC:  2    Str: 20    XL:     10   Next: 95%
Magic:  16/16      EV:  5    Int: 14    God:    Wu Jian [*.....]
Gold:   186        SH:  0    Dex: 20    Spells: 4/17 levels left

rFire   . . .      SeeInvis .      - Unarmed
rCold   . . .      Faith    .    (shield currently unavailable)
rNeg    + + +      Spirit   .    r - melded +0 robe {rC+}
rPois   ∞          Reflect  .    (helmet currently unavailable)
rElec   .          Rampage  .    (cloak currently unavailable)
rCorr   .                        (gloves unavailable)
Will    +....                    (boots unavailable)
Stlth   ++                       z - amulet of magic regeneration
HPRegen 0.37/turn                t - +5 ring of evasion
MPRegen 0.55/turn                j - +6 ring of dexterity

@: spider-form, petrified
A: venomous fangs, tiny, unfitting armour, (tough skin 1)
a: End Transformation, Renounce Religion


You were on level 8 of the Dungeon.
You worshipped Wu Jian.
Wu Jian was aware of your devotion.
You were a venomous arachnid creature.
You visited 2 branches of the dungeon, and saw 9 of its levels.

You collected 486 gold pieces.
You spent 300 gold pieces at shops.

Inventory:

Hand Weapons
 s - the +0 war axe of True Grit {protect, *Noise Will++ Int+2 Stlth+}
   (You found it on level 4 of the Dungeon)

   Int:       It affects your intelligence (+2).
   *Noise:    It may make noises in combat.
   Will:      It greatly increases your willpower.
   Stlth:     It makes you more stealthy.
Armour
 r - a +0 robe of cold resistance (melded)
Jewellery
 j - a +6 ring of dexterity (right front pincers)
 q - a ring of positive energy
 t - a +5 ring of evasion (left front pincers)
 z - an amulet of magic regeneration (around neck)
Wands
 a - a wand of iceblast (13)
 u - a wand of polymorph (10)
 A - a wand of paralysis (4)
 D - a wand of flame (3) (quivered)
Scrolls
 b - a scroll of butterflies {unknown}
 e - a scroll of silence {unknown}
 g - 3 scrolls of teleportation {unknown}
 i - 3 scrolls of fog {unknown}
 k - 3 scrolls of vulnerability {unknown}
 m - 5 scrolls of blinking {unknown}
 n - 2 scrolls of fear {unknown}
 o - a scroll of acquirement {unknown}
 p - 2 scrolls of magic mapping {unknown}
 w - 3 scrolls of immolation {unknown}
 y - 2 scrolls of poison {unknown}
 E - a scroll of identify
Potions
 c - 6 potions of curing
 d - 4 potions of resistance
 f - 3 potions of brilliance
 h - a potion of lignification
 l - a potion of heal wounds
 v - 3 potions of attraction
 x - 3 potions of berserk rage
 B - 3 potions of invisibility
 C - a potion of flight {unknown}


   Skills:
 + Level 8.4 Fighting
 - Level 1.7 Dodging
 - Level 11.7 Unarmed Combat
 - Level 4.1 Spellcasting
 * Level 9.5 Transmutations
 - Level 2.0 Poison Magic


You had 4 spell levels left.
You knew the following spells:

 Your Spells              Type           Power      Damage    Failure   Level
a - Beastly Appendage     Tmut           58%        N/A       3%          1
b - Spider Form           Tmut/Pois      19%        N/A       16%         3
c - Passwall              Tmut/Erth      13%        N/A       13%         2
d - Dragon Form           Tmut           14%        N/A       99%         7

Your spell library contained the following spells:

 Spells                   Type           Power      Damage    Failure   Level
 Wereblood                Tmut           29%        N/A       3%          2
 Ice Form                 Ice/Tmut       16%        N/A       47%         4
 Ensorcelled Hibernation  Hex/Ice        4%         N/A       50%         2
 Lesser Beckoning         Tloc           4%         N/A       50%         2
 Scorch                   Fire           4%         2d5       50%         2
 Gell's Gravitas          Tloc           2%         N/A       71%         3
 Kindle Blastsparks       Fire/Tloc/Air  4%         2d10      71%         3
 Swiftness                Air            2%         N/A       71%         3
 Teleport Other           Tloc           2%         N/A       71%         3
 Flame Wave               Conj/Fire      2%         2d4       96%         4
 Fulminant Prism          Conj/Hex       1%         3d5       96%         4
 Iskenderun's Mystic Bla  Conj/Tloc      2%         2d3       96%         4
 Alistair's Intoxication  Tmut/Pois      12%        N/A       67%         5
 Eringya's Noxious Bog    Tmut/Pois      9%         N/A       99%         6
 Borgnjor's Vile Clutch   Necr/Erth      1%         N/A       100%        5
 Lee's Rapid Deconstruct  Erth           1%         3d4*      100%        5
 Summon Cactus Giant      Summ           1%         N/A       100%        6


Dungeon Overview and Level Annotations

Branches:
Dungeon (8/15)             Temple (1/1) D:5
   Lair: D:8-11

Altars:
Ashenzari
Cheibriados
Elyvilon
Fedhas
Gozag
Hepliaklqana
Kikubaaqudgha
Makhleb
Okawaru
Qazlal
Ru
Sif Muna
Trog
Uskayaw
Vehumet
Wu Jian
Yredelemnul
Zin
The Shining One

Shops:
D:6 *:*

Annotations:
D:3 3 runed translucent doors, Zigma's ghost, amateur DrMo; ho4mwr's ghost, amateur HOFi


Innate Abilities, Weirdness & Mutations

You are a venomous arachnid creature.
You have venomous fangs.
You are tiny and dextrous.
You are immune to poison.
Your spellcasting is less reliable in this form.
Your armour is entirely melded.
You are incapable of wielding weapons or throwing items.
You are too large for most types of armour.
((You have tough skin. (AC +1)))


Message History

Okay, then.
You have turned to stone.
Your transformation has ended.
Your +0 robe of cold resistance unmelds from your body.
You feel resistant to cold. The basilisk gazes at you. x2
You easily resist.
The basilisk bites you.
* * * LOW HITPOINT WARNING * * *
The basilisk gazes at you. x2
You easily resist.
The basilisk bites you!!
* * * LOW HITPOINT WARNING * * *
The basilisk gazes at you.
You easily resist.
You turn to flesh and can move again.
Casting: Spider Form (mildly dangerous; 5% risk of failure)
Confirm with . or Enter, or press ? or * to list all spells.
You turn into a venomous arachnid creature.
Your +0 robe of cold resistance melds into your body.
You feel less resistant to cold. The basilisk gazes at you.
You are slowing down.
You are too injured to fight recklessly!
Unknown command.
You hit the basilisk.
The basilisk is lightly wounded.
The basilisk gazes at you.
You easily resist.
Your limbs are stiffening.
You bite the basilisk!
The basilisk is poisoned.
The basilisk is heavily wounded.
The basilisk bites you!!
* * * LOW HITPOINT WARNING * * *
You have turned to stone.
The basilisk bites you.
* * * LOW HITPOINT WARNING * * *
The basilisk bites you!
* * * LOW HITPOINT WARNING * * *
The basilisk bites you!
You die...

#......###...#
#...........#
#.....†...#
##........#
..........#
......#†###
############
......#.#
#.)....<...# .....
#.# #.########.#
..... #l# #s# #.#
#### #.# #l# #.#
#.######)# #.# #
####)[.l....# #.#
######...#########
#.#
..............#
#.#
######......>.#
#.######
#.............#
#......#
..#######.....#
#..##.##


You could see a basilisk (very poisoned).

Vanquished Creatures
  Pikel (D:6)
  An elephant (D:8)
  Prince Ribbit (D:7)
  A hornet (D:7)
  Sigmund (D:2)
  5 yaks (D:7)
  2 wyverns (D:8)
  Grum (D:8)
  2 steam dragons
  Duvessa (D:7)
  2 water moccasins (D:7)
  A black bear (D:8)
  An orc warrior (D:8)
  2 ice beasts
  2 wolves (D:8)
  An ogre (D:5)
  A centaur (D:6)
  2 lemures (D:6)
  3 phantoms
  A bullfrog (D:5)
  6 scorpions
  4 wights (D:8)
  Dowan (D:7)
  4 howler monkeys
  A gnoll bouda (D:7)
  2 hounds
  An orc priest (D:5)
  Ijyb (D:5)
  3 iguanas
  2 orc wizards
  5 gnolls (D:7)
  5 adders
  A shadow imp (D:6)
  A white imp (D:8)
  A worm (D:5)
  4 dart slugs
  15 orcs
  5 endoplasms
  5 giant cockroaches
  8 goblins
  9 hobgoblins
  2 quokkas
  2 ball pythons
  8 bats
  2 frilled lizards
  6 kobolds
  3 rats
139 creatures vanquished.

Vanquished Creatures (others)
  A fungus (D:6)
  26 plants (D:3)
27 creatures vanquished.

Grand Total: 166 creatures vanquished

Notes
Turn   | Place    | Note
-------+----------+-------------------------------------------
     0 | D:1      | pecorinoman the Ogre Transmuter began the quest for the
                  | Orb.
     0 | D:1      | Reached XP level 1. HP: 19/19 MP: 3/3
   164 | D:1      | Reached XP level 2. HP: 27/28 MP: 5/5
   702 | D:1      | Reached XP level 3. HP: 23/36 MP: 4/6
   707 | D:1      | Learned a level 3 spell: Spider Form
   775 | D:1      | Learned a level 2 spell: Passwall
   968 | D:2      | Noticed Sigmund
   978 | D:2      | Killed Sigmund
   979 | D:2      | Reached skill level 1 in Poison Magic
   979 | D:2      | Reached XP level 4. HP: 48/48 MP: 7/7
   979 | D:2      | Reached XP level 5. HP: 54/54 MP: 8/8
  1134 | D:2      | Found a hazy altar of Hepliaklqana.
  1820 | D:2      | Found a faded altar of an unknown god.
  2049 | D:3      | Reached XP level 6. HP: 54/62 MP: 9/9
  2589 | D:3      | Found a runed translucent gate.
  2589 | D:3      | Found a runed translucent gate.
  2590 | D:3      | Found a runed translucent gate.
  2593 | D:3      | Noticed Zigma's ghost (amateur DrMo)
  2593 | D:3      | Noticed ho4mwr's ghost (amateur HOFi)
  2840 | D:4      | Found a glowing golden altar of the Shining One.
  2846 | D:4      | Identified the +0 war axe of True Grit {protect, *Noise
                  | Will++ Int+2 Stlth+}
  2849 | D:4      | Found an ancient bone altar of Kikubaaqudgha.
  2850 | D:4      | Identified the +1 plate armour "Veorug" {rCorr Str+3 Dex+3
                  | Slay+6}
  2993 | D:4      | Found an iron altar of Okawaru.
  3281 | D:4      | Reached skill level 5 in Fighting
  3281 | D:4      | Reached skill level 5 in Transmutations
  3281 | D:4      | Reached XP level 7. HP: 47/72 MP: 10/10
  3936 | D:5      | Entered Level 5 of the Dungeon
  4497 | D:5      | Found a broken altar of Ashenzari.
  4497 | D:5      | Found a shimmering blue altar of Sif Muna.
  4888 | D:5      | Reached XP level 8. HP: 55/84 MP: 8/11
  5036 | D:5      | Noticed Ijyb
  5052 | D:5      | Killed Ijyb
  5106 | D:5      | Found a staircase to the Ecumenical Temple.
  5115 | Temple   | Entered the Ecumenical Temple
  5255 | Temple   | Became a worshipper of the Wu Jian Council
  5420 | D:6      | Found Idut's General Store.
  5441 | D:6      | Reached skill level 11 in Unarmed Combat
  5441 | D:6      | Reached XP level 9. HP: 92/92 MP: 12/12
  5748 | D:6      | Found an opulent altar of Gozag.
  5962 | D:6      | Noticed Pikel
  5979 | D:6      | Killed Pikel
  6562 | D:6      | Found Mufe's General Store.
  6657 | D:6      | Found Redokif's Book Shop.
  6662 | D:6      | Bought Utok's Compilation of the Mutable Gift for 300 gold
                  | pieces
  6742 | D:7      | Noticed a hornet
  6742 | D:7      | Noticed Prince Ribbit
  6747 | D:7      | Killed a hornet
  6767 | D:7      | Killed Prince Ribbit
  6768 | D:7      | Reached XP level 10. HP: 23/102 MP: 14/14
  7045 | D:7      | Noticed Duvessa
  7055 | D:7      | Noticed Dowan
  7070 | D:7      | Killed Duvessa
  7105 | D:7      | Killed Dowan
  7272 | D:7      | Learned a level 7 spell: Dragon Form
  7889 | D:8      | Noticed Grum
  7901 | D:8      | Killed Grum
  8061 | D:8      | Reached * piety under Wu Jian
  8250 | D:8      | Noticed an elephant
  8275 | D:8      | Killed an elephant
  8298 | D:8      | Slain by a basilisk

Illustrated notes

Levels and vault maps discovered:
D:1:      elethiomel_arrival_shortcut, layout_loops_ring, grunt_decor_cap
D:2:      layout_loops_ring, shapermc_ecumenical_altar_mp_vishouse, basic_altar,
          uniq_sigmund
D:3:      layout_loops_ring, gammafunk_ghost_cemetery, serial_bayou,
          serial_bayou_lake_a, serial_bayou_lagoon_a, serial_bayou_lagoon_b,
          serial_bayou_shore_b, minivault_4
D:4:      layout_basic, mainiacjoe_overflow_large_starburst,
          mainiacjoe_overflow_boulevard, kennysheep_big_empty_room,
          corexii_leaking_fountain
D:5:      layout_basic, chequers_temple_overflow_statue_of_worship,
          minmay_temple_entry_drinking_statues, uniq_ijyb
D:6:      layout_basic, grunt_gozag_statues, serial_aquarium,
          aquarium_bridge_straight [aquarium_subvault_bridge,
          aquarium_subvault_wall, aquarium_subvault_bridge,
          aquarium_subvault_wall], aquarium_bridge_long_joined
          [aquarium_subvault_window, aquarium_subvault_wall,
          aquarium_subvault_wall, aquarium_subvault_bridge,
          aquarium_subvault_balcony, aquarium_subvault_bridge],
          aquarium_window_2, aquarium_window_corridor_2, aquarium_view_2e,
          aquarium_view_2d, aquarium_balcony_3a, aquarium_pool_corner,
          serial_shops, shop, nicolae_shop_advertising_works
          [nicolae_subvault_shop_adworks], nicolae_shop_hallway_plus,
          nicolae_concentric_dashed_squares_mild, uniq_pikel
D:7:      layout_rooms, uniq_prince_ribbit1, uniq_duvessa
D:8:      minmay_general_purpose_star, layout_basic, david_lair_generic,
          nicolae_kite_square_tiling_tiny, uniq_grum
Temple:   oiseaux_autumnal_temple

Skill      XL: |  1  2  3  4  5  6  7  8  9 10 |
---------------+-------------------------------+-----
Transmutations | 2 3 4 5 6 7 9 |  9.5
Fighting       | 2 3 4 5 6 7 8 |  8.4
Poison Magic   | 1 2 |  2.0
Unarmed Combat | 11 | 11.7
Spellcasting   | 3 4 |  4.1
Dodging        | |  1.7

Action                     |  1- 3 |  4- 6 |  7- 9 | 10-12 || total
---------------------------+-------+-------+-------+-------++-------
  Melee: Unarmed           |    95 |    17 |   111 |   135 ||   358
         Kick              |     6 |     3 |       |       ||     9
         Headbutt          |     4 |     2 |       |       ||     6
         Punch             |     1 |       |       |     1 ||     2
         Halberd           |       |   124 |    17 |     1 ||   142
   Cast: Beastly Appendage |    10 |     2 |     2 |       ||    14
         Spider Form       |       |     3 |    17 |    15 ||    35
Ability: Lunge             |       |       |     4 |    15 ||    19
         Whirlwind         |       |       |       |     1 ||     1
    Use: Potion            |     1 |       |     1 |       ||     2
         Scroll            |       |     4 |     4 |       ||     8
 Armour: Robe              |    40 |    45 |     4 |     1 ||    90
         Skin              |     4 |     9 |     1 |     4 ||    18
  Dodge: Dodged            |    42 |    68 |    93 |    76 ||   279

Table legend: (Time is in decaauts)
 A = Elapsed time spent in this place.
 B = Non-inter-level travel time spent in this place.
 C = Inter-level travel time spent in this place.
 D = Time resting spent in this place.
 E = Time spent auto-exploring this place.
 F = Levels seen in this place.
 G = Mean time per level.
                   A        B        C        D        E       F      G
               +--------+--------+--------+--------+--------+-----+--------+
         Total |   8323 |   8108 |    215 |   1209 |   5474 |   9 |  924.8 |
       Dungeon |   8162 |   7965 |    197 |   1209 |   5365 |   8 | 1020.2 |
        Temple |    160 |    142 |     18 |      0 |    109 |   1 |  160.0 |
               +--------+--------+--------+--------+--------+-----+--------+

Top non-repeatable levels by time:
     D:6: 1348 daAuts
     D:5: 1257 daAuts
     D:4: 1189 daAuts
     D:7: 1062 daAuts
     D:3: 942 daAuts
     D:1: 928 daAuts
     D:2: 927 daAuts
     D:8: 505 daAuts
  Temple: 160 daAuts
